 Dungeon Crawl Stone Soup version 0.22.1-1-ga44c0e56f4 (webtiles) character file.

462 Jynx the Changer (level 7, 0/43 HPs)
             Began as an Octopode Transmuter on Oct 25, 2018.
             Slain by an orc
             ... wielding a +0 trident
              (4 damage)
             ... on level 4 of the Dungeon.
             The game lasted 00:07:04 (4102 turns).

Jynx the Changer (Octopode Transmuter)              Turns: 4102, Time: 00:07:05

Health: 0/43       AC:  1    Str:  9    XL:     7   Next: 7%
Magic:  7/12       EV: 15    Int: 16    God:
Gold:   179        SH:  0    Dex: 14    Spells: 2/13 levels left

rFire    . . .     SeeInvis .     - Unarmed
rCold    . . .     Gourm    .   (no shield)
rNeg     . . .     Faith    .   (helmet restricted)
rPois    .         Spirit   .   (no amulet)
rElec    .         Reflect  .   (no ring)
rCorr    .         Harm     .   (no ring)
MR       .....                  (no ring)
Stlth    ++........             (no ring)
HPRegen  0.14/turn              (no ring)
MPRegen  0.13/turn              (no ring)
                                (no ring)
                                (no ring)

@: appendage
A: almost no armour, stealthy swim, amphibious, 8 rings, constrict 8, tentacle
spike 3, camouflage 1, gelatinous body 1
a: End Transformation


You were on level 4 of the Dungeon.
You were not hungry.
One of your tentacles had a temporary spike.
You visited 1 branch of the dungeon, and saw 4 of its levels.

You collected 179 gold pieces.

Inventory:

Missiles
 a - 35 arrows
Wands
 n - a wand of iceblast (11)
Scrolls
 b - a scroll of magic mapping
 d - 9 scrolls of identify {unknown}
 f - a scroll of fear {unknown}
 h - 3 scrolls of teleportation {unknown}
 i - 3 scrolls of remove curse {unknown}
 j - a scroll of enchant armour {unknown}
Potions
 e - 3 potions of degeneration {unknown}
 g - a potion of curing {unknown}
 k - a potion of invisibility {unknown}
 m - 2 potions of heal wounds {unknown}
 o - a potion of agility {unknown}
 p - a potion of flight {unknown}
Comestibles
 c - 9 rations
 l - a chunk of flesh


   Skills:
 - Level 1.0 Fighting
 + Level 4.0 Dodging
 - Level 3.0 Unarmed Combat
 + Level 3.7 Spellcasting
 * Level 5.4 Transmutations


You had 2 spell levels left.
You knew the following spells:

 Your Spells              Type           Power        Failure   Level  Hunger
a - Beastly Appendage     Tmut           ###...       1%          1    None
b - Sticks to Snakes      Tmut           ###.....     2%          2    ##.....
c - Spider Form           Tmut/Pois      ##........   17%         3    ###....
d - Blade Hands           Tmut           ###.......   45%         5    ######.

Your spell library contained the following spells:

 Spells                   Type           Power        Failure   Level  Hunger
 Ice Form                 Ice/Tmut       ##......     50%         4    ####...


Dungeon Overview and Level Annotations

Branches:
Dungeon (4/15)
 Temple: D:4-7

Altars:
Dithmenos
Makhleb
Ru
Sif Muna


Innate Abilities, Weirdness & Mutations

You cannot wear most types of armour.
You are very stealthy in the water. (Stealth+)
You are amphibious.
You can wear up to eight rings at the same time.
You can use your tentacles to constrict eight enemies at once.
Your skin changes colour to match your surroundings (Stealth+).
Your rubbery body absorbs attacks. (AC +1, EV +1)
One of your tentacles bears a large vicious spike.


Message History

Your adder bites the orc.
The orc hits you from afar with a trident.
* * * LOW HITPOINT WARNING * * *
The orc misses you. The orc closely misses your adder.
The jackal skeleton bites you.
* * * LOW HITPOINT WARNING * * *
You closely miss the orc. You grab the orc. You squeeze the orc.
The orc is severely wounded.
You constrict the orc.
You kill the orc!
The orc closely misses you. The jackal skeleton misses you.
You tentacle-slap the jackal skeleton. You grab the jackal skeleton.
You pierce the jackal skeleton.
You destroy the jackal skeleton!
The orc closely misses you.
The orc hits you from afar with a trident.
* * * LOW HITPOINT WARNING * * *
You see here a hand axe.
Your adder bites the orc.
The orc hits you with a trident.
You die...

.### .# ♣♣
... .# ♣.
### .# ♣.
..#..# ♣♣.
##.#.# ..♣♣
.....# ..♣
...# ♣.♣
.#.## ♣)♣♣
.#..# ♣o@♣♣
.##.# ♣♣S)♣
..#.# ♣..♣♣
..#.# ♣♣..♣
..#.## ♣..♣
♣♣♣ ..#..#
♣♣.♣♣ ♣.♣
..##.# ♣..♣
♣.♣♣♣
..##.##
♣..♣♣♣...♣♣
..##..#
♣♣..♣.....♣


You could see an orc and a friendly adder.

Vanquished Creatures
  An orc warrior (D:4)
  An ogre (D:4)
  A hound (D:4)
  A gnoll shaman (D:2)
  2 worker ants (D:4)
  6 gnolls
  3 adders
  2 oozes
  4 worms
  2 dart slugs
  4 leopard geckos
  3 orcs
  2 giant cockroaches (D:1)
  6 goblins
  4 hobgoblins
  A quokka (D:3)
  9 bats
  4 frilled lizards
  A jackal skeleton (D:4)
  11 kobolds
  7 rats
75 creatures vanquished.

Notes
Turn   | Place    | Note
-------+----------+-------------------------------------------
     0 | D:1      | Jynx the Octopode Transmuter began the quest for the Orb.
     0 | D:1      | Reached XP level 1. HP: 13/13 MP: 3/3
    51 | D:1      | Reached XP level 2. HP: 8/18 MP: 3/5
   446 | D:1      | Reached XP level 3. HP: 23/23 MP: 4/6
   833 | D:1      | Reached skill level 3 in Transmutations
   877 | D:1      | Learned a level 2 spell: Sticks to Snakes
   881 | D:1      | Learned a level 3 spell: Spider Form
  1497 | D:2      | Reached XP level 4. HP: 25/28 MP: 5/7
  1842 | D:3      | Found a deep blue altar of Sif Muna.
  2671 | D:2      | Reached XP level 5. HP: 30/33 MP: 5/9
  2721 | D:2      | Reached skill level 4 in Transmutations
  3145 | D:3      | Found a sacrificial altar of Ru.
  3229 | D:3      | Found a shadowy altar of Dithmenos.
  3241 | D:3      | Found a burning altar of Makhleb.
  3399 | D:4      | Noticed an orc warrior
  3567 | D:4      | Reached XP level 6. HP: 26/38 MP: 8/10
  3590 | D:4      | HP: 1/38 [ogre/giant club (28)]
  3984 | D:4      | Reached skill level 5 in Transmutations
  3995 | D:4      | Learned a level 5 spell: Blade Hands
  4088 | D:4      | Killed an orc warrior
  4088 | D:4      | Reached XP level 7. HP: 32/43 MP: 12/12
  4102 | D:4      | Slain by an orc

Skill      XL: |  1  2  3  4  5  6  7 |
---------------+----------------------+-----
Transmutations | 3 4 5 |  5.4
Dodging        | 3 4 |  4.0
Spellcasting   | 3 |  3.7
Fighting       | |  1.0
Unarmed Combat | |  3.0

Action                   |  1- 3 |  4- 6 |  7- 9 || total
-------------------------+-------+-------+-------++-------
Melee: Unarmed           |    81 |   124 |     6 ||   211
       Constrict         |    17 |    18 |     2 ||    37
       Kick              |    12 |    18 |     1 ||    31
       Tentacles         |     6 |    13 |     1 ||    20
       Punch             |       |     1 |       ||     1
 Cast: Beastly Appendage |    13 |    14 |     1 ||    28
       Spider Form       |     2 |     8 |     1 ||    11
       Sticks to Snakes  |       |     2 |     1 ||     3
  Use: Scroll            |     1 |       |       ||     1
 Stab: Sleeping          |     6 |     3 |       ||     9
  Eat: Chunk             |     2 |     7 |       ||     9
       Ration            |       |     1 |       ||     1
Armor: Skin              |     8 |    18 |       ||    26
Dodge: Dodged            |    56 |   154 |    19 ||   229
